 Dungeon Crawl Stone Soup version 0.19.0-20-gbc5f0c6 (webtiles) character file.

258 tsouns the Sneak (level 6, -2/38 HPs)
             Began as a Tengu Assassin on Nov 18, 2016.
             Slain by an orc
             ... wielding a cursed -2 hand axe
              (7 damage)
             ... on level 2 of the Dungeon.
             The game lasted 00:08:30 (3928 turns).

tsouns the Sneak (Tengu Assassin)                   Turns: 3928, Time: 00:08:31

Health: -2/38      AC:  3    Str: 12    XL:     6   Next: 16%
Magic:  7/7        EV: 12    Int: 11    God:
Gold:   96         SH:  0    Dex: 17    Spells: 0 memorised, 5 levels left

rFire  . . .     SeeInvis .     h - +1 short sword (elec)
rCold  . . .     Gourm    .     c - +0 robe
rNeg   . . .     Faith    .     (no shield)
rPois  .         Spirit   .     (helmet restricted)
rElec  .         Reflect  .     d - +0 cloak
rCorr  .         Harm     .     (no gloves)
MR     .....                    (boots unavailable)
Stlth  +++.......               (no amulet)
                                (no ring)
                                (no ring)

@: no status effects
A: beak, talons 3, able to fly 1
a: Fly


You were on level 2 of the Dungeon.
You were not hungry.

You visited 1 branch of the dungeon, and saw 3 of its levels.

You collected 96 gold pieces.

Inventory:

Hand Weapons
 a - a +2 dagger
 b - a +0 blowgun
 h - a +1 short sword of electrocution (weapon)
 y - a +2 dagger of venom
Missiles
 e - 8 poisoned needles
 f - 7 curare-tipped needles
 z - 7 tomahawks (quivered)
Armour
 c - a +0 robe (worn)
 d - a +0 cloak (worn)
Jewellery
 j - an uncursed ring of fire
 w - an uncursed ring of wizardry {unknown}
Wands
 t - a wand of flame (27/48)
Scrolls
 i - 2 scrolls of enchant weapon {unknown}
 l - 3 scrolls of remove curse {unknown}
 m - a scroll of noise {unknown}
 p - 3 scrolls of recharging {unknown}
 u - a scroll of fog {unknown}
 v - 3 scrolls of identify {unknown}
Potions
 k - a potion of curing
 n - 3 potions of lignification {unknown}
 o - a potion of ambrosia {unknown}
 q - a potion of might {unknown}
 r - 2 potions of resistance
 s - 2 potions of berserk rage {unknown}
 x - a potion of flight {unknown}
 A - a potion of agility {unknown}
 B - a potion of degeneration {unknown}
 C - a potion of brilliance {unknown}
Comestibles
 g - 4 bread rations


   Skills:
 - Level 3.9 Fighting
 - Level 4.2 Short Blades
 - Level 2.0 Throwing
 + Level 1.1 Dodging
 - Level 5.5 Stealth


You had 5 spell levels left.
You didn't know any spells.

Dungeon Overview and Level Annotations

Branches:
Dungeon (3/15)

Altars:
Uskayaw


Innate Abilities, Weirdness & Mutations

You have a beak for a mouth.
You have claws for feet.
You can fly.


Message History

The kobold is severely wounded.
The kobold misses you.
You barely miss the kobold. Your kick misses the kobold. You peck the kobold.
You kill the kobold!
You start resting.
HP restored.
There is a stone staircase leading down here.
You climb downwards.
The orc barely misses you. The orc hits you but does no damage.
The orc warrior hits you with a hand axe!
There is a stone staircase leading up, spattered with blood here.
Unknown command.
The orc hits you with an enchanted hand axe.
The orc misses you.
The orc warrior hits you with a hand axe!!
* * * LOW HITPOINT WARNING * * *
You climb upwards.
There is a stone staircase leading down here.
The orc hits you with an enchanted hand axe!
You die...

........# ######..#
############ #..# ########
#........... #..# #......#
#.########## #..#
#......####'#<)## #...
#..####.............<.###.##
#.............>....)........
##.....(..............#<#.##
#.........@......##.##)#...
#........>o..)(............
#....#..oo..)(...........##
##...........#)..#......#.##
#............#...########...
#.####.#................'...
##......###.###..#########...
#..._.................)......
#........##..................


You could see an orc warrior and 2 orcs.

Vanquished Creatures
  An orc wizard (D:2)
  Natasha (thrice) (D:3)
  Robin (D:1)
  An adder (D:2)
  3 gnolls (D:2)
  5 worms (D:2)
  5 dart slugs
  A leopard gecko (D:1)
  5 orcs
  7 bats
  13 goblins
  12 hobgoblins
  5 kobolds
  5 frilled lizards
  9 rats
76 creatures vanquished.

Notes
Turn   | Place    | Note
-------+----------+-------------------------------------------
     0 | D:1      | tsouns the Tengu Assassin began the quest for the Orb.
     0 | D:1      | Reached XP level 1. HP: 12/12 MP: 2/2
   222 | D:1      | Reached XP level 2. HP: 16/17 MP: 3/3
   555 | D:1      | Reached XP level 3. HP: 13/22 MP: 4/4
  1196 | D:2      | Noticed Robin
  1234 | D:1      | Killed Robin
  1438 | D:2      | Reached XP level 4. HP: 24/27 MP: 5/5
  1472 | D:2      | Found a hide-covered altar of Uskayaw.
  1491 | D:2      | Noticed a hand axe
  1491 | D:2      | Noticed an enchanted hand axe
  2222 | D:3      | Noticed Natasha
  2415 | D:2      | Reached skill level 5 in Stealth
  2415 | D:2      | Gained mutation: You can fly. [Tengu growth]
  2415 | D:2      | Reached XP level 5. HP: 17/32 MP: 6/6
  2777 | D:3      | Killed Natasha
  2997 | D:3      | Noticed Natasha
  3004 | D:3      | Killed Natasha
  3278 | D:3      | Noticed Natasha
  3284 | D:3      | Killed Natasha
  3359 | D:3      | Reached XP level 6. HP: 30/38 MP: 7/7
  3384 | D:3      | Noticed an orc warrior
  3928 | D:2      | Slain by an orc

Skill      XL: |  1  2  3  4  5 |
---------------+----------------+-----
Short Blades   | 3 4 |  4.2
Fighting       | 3 |  3.9
Stealth        | 5 |  5.5
Throwing       | |  2.0
Dodging        | |  1.1

Action                   |  1- 3 |  4- 6 || total
-------------------------+-------+-------++-------
Melee: Dagger            |    30 |    10 ||    40
       Kick              |    11 |    26 ||    37
       Peck              |     6 |    13 ||    19
       Short sword       |    40 |    92 ||   132
Throw: Tomahawk          |       |     4 ||     4
  Use: Potion            |       |     2 ||     2
 Stab: Sleeping          |     6 |     3 ||     9
       Distracted        |     1 |     1 ||     2
  Eat: Chunk             |     2 |     3 ||     5
       Bread ration      |       |     1 ||     1
       Pizza             |       |     1 ||     1
Armor: Robe              |    16 |    14 ||    30
Dodge: Dodged            |    40 |    48 ||    88
